 Dungeon Sprint DCSS version 0.24.1 (webtiles) character file.

Game seed: 16097226343725343802, levelgen mode: deterministic

267058 Groucho the Imperceptible (level 11, 45/60 HPs)
             Began as a Felid Berserker on Apr 7, 2020.
             Was a High Priest of Trog.
             Escaped with the Orb!
             The game lasted 00:12:45 (3659 turns).

Groucho the Imperceptible (Felid Berserker)         Turns: 3659, Time: 00:12:45

Health: 45/60      AC:  2    Str: 13    XL:     11   Next: 70%
Magic:  12/12      EV: 34    Int:  8    God:    Trog [*****.]
Gold:   386        SH:  3    Dex: 20    Spells: 10/10 levels left
                                        Lives:  1   Deaths: 1

rFire    . . .     SeeInvis +     - Unarmed
rCold    . . .     Gourm    .   (shield unavailable)
rNeg     . . .     Faith    .   (armour unavailable)
rPois    .         Spirit   .   (helmet unavailable)
rElec    .         Reflect  +   (cloak unavailable)
rCorr    .         Harm     .   (gloves unavailable)
MR       +....     NoTele   +   (boots unavailable)
Stlth    +++.......             r - +3 amulet of reflection
HPRegen  0.20/turn              l - ring of flight
MPRegen  0.13/turn              (no ring)

@: drained, quick
A: very small, no armour, no weapons or thrown items, stealth, claws 1, fangs 3,
see invisible, carnivore, speed 1, shaggy fur 2, slow metabolism 1, no potion
heal 1, subdued magic 1, sharp paws
0: Orb of Zot
a: Berserk, Trog's Hand, Brothers in Arms, Renounce Religion, Evoke Flight


You escaped.
You worshipped Trog.
Trog was extremely pleased with you.
You were very full.

You visited 1 branch You collected 2277 gold pieces.
You spent 1891 gold pieces at shops.

Inventory:

Jewellery
 l - a ring of flight (left paw)
 r - a +3 amulet of reflection (around neck)
Wands
 h - a wand of random effects (21)
 k - a wand of digging (2)
 v - a wand of paralysis (5)
Scrolls
 a - 2 scrolls of identify {unknown}
 i - a scroll of amnesia {unknown}
Potions
 b - 3 potions of curing
 c - a potion of heal wounds
 e - 2 potions of magic
 f - a potion of berserk rage
 g - a potion of might
 j - a potion of brilliance
 m - 3 potions of agility
 n - 2 potions of resistance
 o - 2 potions of degeneration
 p - a potion of cancellation
 q - a potion of invisibility
 s - 3 potions of mutation
 t - a potion of lignification
 u - 2 potions of flight


   Skills:
 + Level 14.6(13.8) Fighting
 + Level 18.3(17.4) Dodging
 + Level 23.6(22.6) Stealth
 + Level 14.6(13.8) Unarmed Combat


You had 10 spell levels left.
You didn't know any spells.
Your spell library was empty.

Dungeon Overview and Level Annotations

Branches:
Dungeon (1/1)

Altars:
Cheibriados
Dithmenos
Elyvilon
Fedhas
Gozag
Hepliaklqana
Kikubaaqudgha
Makhleb
Nemelex Xobeh
Okawaru
Qazlal
Ru
Sif Muna
Trog
Uskayaw
Vehumet
Wu Jian
Xom
Yredelemnul
Zin
The Shining One
Jiyva
Lugonu

Shops:
D }!*=:*}[[:[:!:[(!:?[[

Annotations:
D Tiamat


Innate Abilities, Weirdness & Mutations

You cannot wear armour.
You are incapable of wielding weapons or throwing items.
Your paws allow you to move quietly. (Stealth)
You have sharp claws.
You have razor-sharp teeth.
You have supernaturally acute eyesight. (SInv)
You are carnivorous and can eat meat at any time.
You cover ground quickly.
You are covered in thick fur. (AC +2)
You have a slow metabolism.
Your sharp claws are effective at attacking unaware monsters.
Potions are less effective at restoring your health.
Your spells are a little easier to cast, but a little less powerful.


Message History

There is an open door here.
Things that are here:
a +0 dagger; a +0 robe Your extra speed is starting to run out.
There is an open door, spattered with blood here.
Things that are here:
a +1 dagger of venom; a +0 robe of cold resistance
There is an open door here.
There is an open door here.
There is an open door here.
You feel yourself slow down.
Things that are here:
a cursed -1 scythe; a +0 robe
There is an open door here.
You see here a +0 giant spiked club.
There is an open door here.
You see here a +0 chain mail.
There is an open door here.
There is a staircase leading out of the dungeon here.
You have escaped!

##################
#@.#.['..#.)'..#__
#..'..#.)'..#..'..
#..#####'#####'#__
#..####..#...#)###
#..#__####..##.#≈≈
#..#_____##'#_.'§§
#⌠⌠#_.∩...'..._#§§
#..._..__##_.#'##'
#..#_____###'#)#.)


There were no monsters in sight!

Vanquished Creatures
  A daeva (D)
  A hydra (D)
  2 centaur warriors (D)
  Sonja (D)
  A deep troll (D)
  7 unseen horrors (D)
  A lindwurm (D)
  An oklob plant (D)
  A hornet (D)
  A slime creature (D)
  Sigmund (D)
  2 redbacks (D)
  A yak (D)
  13 hogs (D)
  A floating eye (D)
  7 necrophages (D)
  An ogre (D)
  8 jellies (D)
  Ijyb (D)
52 creatures vanquished.

Vanquished Creatures (collateral kills)
  4 fire giants (D)
  8 shining eyes (D)
  2 kobold demonologists (D)
  4 demonic crawlers (D)
  6 floating eyes (D)
24 creatures vanquished.

Vanquished Creatures (others)
  A gargoyle (D)
  2 ballistomycete spores (D)
3 creatures vanquished.

Grand Total: 79 creatures vanquished

Notes
Turn   | Place    | Note
-------+----------+-------------------------------------------
     0 | D        | Groucho the Felid Berserker began the quest for the Orb.
     0 | D        | Reached XP level 1. HP: 10/10 MP: 2/2
     2 | D        | Noticed Ijyb
    12 | D        | Killed Ijyb
    12 | D        | Reached skill level 8 in Stealth
    12 | D        | Reached XP level 2. HP: 14/14 MP: 3/3
   308 | D        | Noticed an ogre
   310 | D        | Killed an ogre
   310 | D        | Reached skill level 12 in Stealth
   310 | D        | Reached XP level 3. HP: 17/17 MP: 4/4
   310 | D        | Reached XP level 4. HP: 21/21 MP: 5/5
   424 | D        | Noticed Sigmund
   426 | D        | Killed Sigmund
   426 | D        | Reached ** piety under Trog
   426 | D        | Reached skill level 16 in Stealth
   426 | D        | Reached XP level 5. HP: 24/24 MP: 6/6
   441 | D        | Found a shimmering blue altar of Sif Muna.
   442 | D        | Found an ornate altar of the Wu Jian Council.
   443 | D        | Found a radiant altar of Vehumet.
   448 | D        | Gained mutation: You are covered in thick fur. (AC +2)
                  | [Felid growth]
   448 | D        | Reached XP level 6. HP: 28/28 MP: 7/7
   703 | D        | Found Batreox's Jewellery Emporium.
   703 | D        | Found an ancient bone altar of Kikubaaqudgha.
   703 | D        | Found a hazy altar of Hepliaklqana.
   703 | D        | Found a stormy altar of Qazlal.
   703 | D        | Found a hide-covered altar of Uskayaw.
   703 | D        | Found a blossoming altar of Fedhas.
   703 | D        | Found a bloodstained altar of Trog.
   703 | D        | Found an iron altar of Okawaru.
   703 | D        | Found a basalt altar of Yredelemnul.
   703 | D        | Found a glowing golden altar of the Shining One.
   703 | D        | Found a snail-covered altar of Cheibriados.
   703 | D        | Found a sacrificial altar of Ru.
   703 | D        | Found a glowing silver altar of Zin.
   703 | D        | Found a shadowy altar of Dithmenos.
   703 | D        | Found a white marble altar of Elyvilon.
   703 | D        | Noticed a yak
   709 | D        | Killed a yak
   710 | D        | Found an opulent altar of Gozag.
   852 | D        | Found a sparkling altar of Nemelex Xobeh.
   870 | D        | Found a burning altar of Makhleb.
   870 | D        | Found a shimmering altar of Xom.
   870 | D        | Noticed a slime creature
   871 | D        | Found a viscous altar of Jiyva.
   871 | D        | Found a corrupted altar of Lugonu.
   873 | D        | Killed a slime creature
   873 | D        | Reached skill level 5 in Fighting
   873 | D        | Reached skill level 17 in Stealth
   873 | D        | Reached skill level 5 in Unarmed Combat
   873 | D        | Reached XP level 7. HP: 34/34 MP: 8/8
   878 | D        | Noticed a centaur warrior
   895 | D        | Noticed a centaur warrior
   896 | D        | Killed a centaur warrior
   896 | D        | Reached *** piety under Trog
   896 | D        | Reached skill level 18 in Stealth
   896 | D        | Reached XP level 8. HP: 40/40 MP: 9/9
   897 | D        | Killed a centaur warrior
   939 | D        | Noticed a hornet
   942 | D        | Killed a hornet
   942 | D        | Reached skill level 19 in Stealth
   942 | D        | Reached XP level 9. HP: 45/45 MP: 10/10
   954 | D        | Noticed an oklob plant
   956 | D        | Killed an oklob plant
   962 | D        | Reached **** piety under Trog
   980 | D        | Noticed an unseen horror
   980 | D        | Noticed an unseen horror
   986 | D        | Killed an unseen horror
   986 | D        | Reached ***** piety under Trog
   986 | D        | Reached skill level 10 in Fighting
   986 | D        | Reached skill level 10 in Unarmed Combat
   988 | D        | Killed an unseen horror
   988 | D        | Reached skill level 20 in Stealth
   988 | D        | Reached XP level 10. HP: 51/51 MP: 11/11
  1315 | D        | Reached ****** piety under Trog
  1348 | D        | Found Zycugh's Armour Shoppe.
  1348 | D        | Found Lithreex's Gadget Shop.
  1348 | D        | Found Hariz's Armour Boutique.
  1350 | D        | Found Godeqirgh's Book Emporium.
  1350 | D        | Found Bur Xiume's Armour Shop.
  1350 | D        | Found Xuwywn's Book Shoppe.
  1350 | D        | Found Ubuts's Distillery.
  1350 | D        | Found Dymilots's Book Emporium.
  1350 | D        | Found Rooteefa's Antique Armour Shop.
  1350 | D        | Found Ceisufua's Weapon Shoppe.
  1354 | D        | Found Ecwatey's Distillery.
  1355 | D        | Found Forearer's Magic Scroll Emporium.
  1355 | D        | Found Giegrow's Book Boutique.
  1356 | D        | Found Bowued's Antique Armour Emporium.
  1416 | D        | Noticed a deep troll
  1418 | D        | Killed a deep troll
  1430 | D        | Found Jisew's Armour Emporium.
  1442 | D        | Noticed Sonja
  1445 | D        | Killed Sonja
  1565 | D        | Found Cisuv's Gadget Boutique.
  1573 | D        | Bought a wand of digging (5) for 234 gold pieces
  1599 | D        | Bought an uncursed ring of flight for 192 gold pieces
  1664 | D        | Paralysed by a floating eye for 3 turns
  1666 | D        | Noticed a smoke demon
  1669 | D        | Reached skill level 21 in Stealth
  1877 | D        | Noticed a lindwurm
  1885 | D        | Killed a lindwurm
  1885 | D        | Reached skill level 15 in Dodging
  2076 | D        | Killed a gargoyle
  2224 | D        | Reached XP level 11. HP: 44/56 MP: 12/12
  2487 | D        | Noticed a 12-headed hydra
  2488 | D        | Slain by a 12-headed hydra
  2489 | D        | Reached XP level 10. HP: -2/53 MP: 11/11
  2497 | D        | Killed a 12-headed hydra
  2498 | D        | Paralysed by a floating eye for 2 turns
  2863 | D        | Bought a potion of agility for 48 gold pieces
  2863 | D        | Bought a potion of resistance for 120 gold pieces
  2863 | D        | Bought 2 potions of degeneration for 24 gold pieces
  2863 | D        | Bought a potion of cancellation for 96 gold pieces
  2863 | D        | Bought a potion of might for 48 gold pieces
  2863 | D        | Bought a potion of agility for 48 gold pieces
  2863 | D        | Bought a potion of invisibility for 96 gold pieces
  2863 | D        | Bought a potion of haste for 120 gold pieces
  2899 | D        | Bought a +3 amulet of reflection for 172 gold pieces
  2922 | D        | Noticed a shining eye
  2922 | D        | Noticed a shining eye
  2922 | D        | Noticed a shining eye
  2922 | D        | Noticed a shining eye
  2922 | D        | Noticed a shining eye
  2922 | D        | Noticed a shining eye
  2924 | D        | Killed a shining eye
  2924 | D        | Reached skill level 22 in Stealth
  2924 | D        | Gained mutation: Potions are less effective at restoring
                  | your health. [a shining eye]
  2924 | D        | Killed a shining eye
  2925 | D        | Killed a shining eye
  2925 | D        | Paralysed by a floating eye for 3 turns
  2926 | D        | Noticed a shining eye
  2927 | D        | Gained mutation: Your spells are a little easier to cast,
                  | but a little less powerful. [a shining eye]
  2928 | D        | Killed a shining eye
  2929 | D        | Noticed a shining eye
  2929 | D        | Killed a shining eye
  2933 | D        | Killed a shining eye
  2933 | D        | Killed a shining eye
  2935 | D        | Killed a shining eye
  2944 | D        | Found Jisecsi's Book Shop.
  2944 | D        | Found Tasmeir's Distillery.
  2944 | D        | Found Sitse's Assorted Antiques.
  2944 | D        | Found Axiomeri's General Store.
  2969 | D        | Bought 2 potions of agility for 112 gold pieces
  2969 | D        | Bought a potion of mutation for 112 gold pieces
  2969 | D        | Bought a potion of mutation for 112 gold pieces
  2969 | D        | Bought a potion of mutation for 112 gold pieces
  3022 | D        | Bought a potion of heal wounds for 55 gold pieces
  3075 | D        | Bought a potion of lignification for 42 gold pieces
  3075 | D        | Bought a potion of brilliance for 56 gold pieces
  3075 | D        | Bought a potion of flight for 42 gold pieces
  3132 | D        | Bought a ration for 50 gold pieces
  3188 | D        | Noticed a daeva
  3192 | D        | Killed a daeva
  3192 | D        | Reached XP level 11. HP: 58/58 MP: 12/12
  3225 | D        | Noticed an unseen horror
  3225 | D        | Noticed an unseen horror
  3225 | D        | Noticed an unseen horror
  3225 | D        | Noticed an unseen horror
  3225 | D        | Noticed an unseen horror
  3227 | D        | Killed an unseen horror
  3228 | D        | Killed an unseen horror
  3232 | D        | Killed an unseen horror
  3235 | D        | Killed an unseen horror
  3235 | D        | Reached skill level 23 in Stealth
  3238 | D        | Killed an unseen horror
  3244 | D        | Noticed a fire giant
  3247 | D        | Noticed a fire giant
  3248 | D        | Noticed a fire giant
  3249 | D        | Noticed a fire giant
  3264 | D        | Killed a fire giant
  3266 | D        | Killed a fire giant
  3270 | D        | Killed a fire giant
  3273 | D        | Killed a fire giant
  3582 | D        | Identified the +4 dragonskin cloak
  3582 | D        | Noticed Tiamat
  3584 | D        | Got the Orb of Zot
  3586 | D        | Noticed a lich
  3589 | D        | Noticed Wuerecybb the pandemonium lord
  3597 | D        | HP: 1/60 [Wuerecybb the pandemonium lord (12)]
  3659 | D        | Escaped with the Orb!

Levels and vault maps discovered:
D:        dungeon_sprint_1 [red_sonja_temple_1, red_sonja_temple_small_1]

Skill      XL: |  1  2  3  4  5  6  7  8  9 10 11 |
---------------+----------------------------------+-----
Stealth        | 8 12 16 17 18 19 20 22 23 | 23.6
Fighting       | 5 7 9 10 13 14 | 14.6
Dodging        | 7 9 11 13 17 18 | 18.3
Unarmed Combat | 5 7 9 10 13 14 | 14.6

Action                   |  1- 3 |  4- 6 |  7- 9 | 10-12 || total
-------------------------+-------+-------+-------+-------++-------
Melee: Unarmed           |     9 |     7 |     9 |   100 ||   125
       Bite              |     3 |     2 |       |    24 ||    29
       Punch             |       |     2 |       |    11 ||    13
Invok: Berserk           |     1 |     2 |       |     3 ||     6
       Trog's Hand       |       |     1 |       |     3 ||     4
       Brothers in Arms  |       |       |       |    15 ||    15
 Abil: Evoke Flight      |       |       |       |     1 ||     1
Evoke: Wand              |       |       |       |     3 ||     3
  Use: Scroll            |       |       |     1 |       ||     1
       Potion            |       |       |       |     7 ||     7
 Stab: Sleeping          |     2 |     2 |     9 |    11 ||    24
  Eat: Chunk             |       |     2 |       |    21 ||    23
       Ration            |       |       |       |     3 ||     3
Armor: Skin              |     2 |       |       |     2 ||     4
Dodge: Dodged            |     4 |     3 |       |    80 ||    87
Block: Other             |       |       |       |     1 ||     1
